 Dungeon Crawl Stone Soup version 0.20.1-1-g8b1a95d66d (webtiles) character file.

2225 Hvezdomuz the Magician (level 9, -5/71 HPs)
             Began as a Red Draconian Enchanter on Dec 1, 2017.
             Was a Priest of Fedhas.
             Slain by a slime creature (18 damage)
             ... on level 6 of the Dungeon.
             The game lasted 01:25:03 (8479 turns).

Hvezdomuz the Magician (Red Draconian Enchanter)    Turns: 8479, Time: 01:25:03

Health: -5/71      AC:  7    Str: 11    XL:     9   Next: 13%
Magic:  14/17      EV: 18    Int: 17    God:    Fedhas [***...]
Gold:   9          SH:  0    Dex: 13    Spells: 5/18 levels left

rFire    + + .     SeeInvis .   t - +0 dagger (freeze)
rCold    + . .     Gourm    .   (no shield)
rNeg     . . .     Faith    .   (armour unavailable)
rPois    +         Spirit   .   (helmet restricted)
rElec    .         Reflect  .   x - scarf {rC+ rF+}
rCorr    .         Harm     .   (no gloves)
MR       .....                  (no boots)
Stlth    +++.......             s - amulet of regeneration
Regen    0.7/turn               r - +4 ring of evasion
MPRegen  0.2/turn               o - ring of poison resistance

@: no status effects
A: breathe fire, unfitting armour, fire resistance 1, cold-blooded, AC +7
a: Breathe Fire, Fungal Bloom, Evolution, Sunlight, Growth, Renounce Religion


You were on level 6 of the Dungeon.
You worshipped Fedhas.
Fedhas was most pleased with you.
You were not hungry.

You visited 1 branch of the dungeon, and saw 6 of its levels.
You also visited: Sewer.

You collected 513 gold pieces.
You spent 504 gold pieces at shops.

Inventory:

Hand Weapons
 a - a +1 dagger
 n - a +1 whip of venom
 t - a +0 dagger of freezing (weapon)
 I - a +3 dagger of venom
Missiles
 d - 43 sling bullets
 i - 32 poisoned needles (quivered)
Armour
 x - a scarf of resistance (worn)
 J - a +0 leather armour
Jewellery
 e - an uncursed ring of loudness
 o - a ring of poison resistance (right hand)
 r - a +4 ring of evasion (left hand)
 s - an amulet of regeneration (around neck)
 F - an uncursed amulet of the gourmand {unknown}
Wands
 g - a wand of flame (8/48)
 y - a wand of flame (18/48)
 H - a wand of acid (8/15)
Scrolls
 f - a scroll of identify
 q - 3 scrolls of remove curse
 v - 4 scrolls of teleportation
 z - a scroll of noise {unknown}
 B - a scroll of immolation {unknown}
 E - a scroll of acquirement {unknown}
 G - a scroll of brand weapon {unknown}
Potions
 h - 2 potions of brilliance
 j - a potion of haste
 k - 2 potions of berserk rage
 l - a potion of cancellation
 m - a potion of mutation
 u - a potion of invisibility
 w - a potion of might
 C - 2 potions of flight {unknown}
 D - a potion of curing
Books
 b - a book of Maledictions

   Spells                             Type                      Level
   a - Corona                         Hexes                        1
   b - Ensorcelled Hibernation        Hexes/Ice                    2
   c - Confuse                        Hexes                        3
   d - Tukima's Dance                 Hexes                        3
   e - Dazzling Spray                 Conjuration/Hexes            3
 p - a book of Cantrips

   Spells                             Type                      Level
   a - Confusing Touch                Hexes                        1
   b - Animate Skeleton               Necromancy                   1
   c - Summon Small Mammal            Summoning                    1
   d - Apportation                    Translocation                1
 K - a book of Misfortune

   Spells                             Type                      Level
   a - Confusing Touch                Hexes                        1
   b - Confuse                        Hexes                        3
   c - Gell's Gravitas                Translocation                3
   d - Petrify                        Transmutation/Earth          4
   e - Metabolic Englaciation         Hexes/Ice                    5
   f - Yara's Violent Unravelling     Hexes/Transmutation          5
Comestibles
 c - 2 bread rations
 A - 4 fruits


   Skills:
 + Level 4.1 Fighting
 + Level 4.2 Short Blades
 + Level 5.0 Dodging
 + Level 4.8 Stealth
 + Level 5.4 Spellcasting
 + Level 5.4 Hexes
 + Level 1.1 Summonings
 + Level 1.8 Ice Magic
 + Level 1.0 Invocations


You had 5 spell levels left.
You knew the following spells:

 Your Spells              Type           Power        Failure   Level  Hunger
a - Corona                Hex            ###....      1%          1    None
b - Ensorcelled Hibernat  Hex/Ice        ###...       4%          2    #......
c - Tukima's Dance        Hex            ###.....     4%          3    ##.....
d - Dazzling Spray        Conj/Hex       ##....       13%         3    ##.....
e - Summon Small Mammal   Summ           #...         9%          1    None
f - Confuse               Hex            ###.....     4%          3    ##.....


Dungeon Overview and Level Annotations

Branches:
Dungeon (6/15)
 Temple: D:4-7

Altars:
Ashenzari
Cheibriados
Elyvilon
Fedhas
Kikubaaqudgha
Makhleb
Nemelex Xobeh
Yredelemnul

Shops:
D:6 }:(}


Innate Abilities, Weirdness & Mutations

You can breathe blasts of fire.
Your fiery red scales are hard. (AC +7)
You cannot fit into any form of body armour.
Your flesh is heat resistant. (rF+)
You are cold-blooded and may be slowed by cold attacks.


Message History

You hit the slime creature but do no damage.
The slime creature hits you! The slime creature closely misses you.
Select sunlight destination.
Press: ? - help, Dir - move target cursor, f/p - slime creature
Aim: a slime creature (lightly wounded)
You feel slightly more hungry. The slime creature misses you.
The slime creature hits you! The slime creature misses you.
You hit the slime creature. You freeze the slime creature.
You tail-slap the slime creature.
The slime creature is lightly wounded.
The slime creature barely misses you. The slime creature hits you!
The slime creature hits you.
You hit the slime creature but do no damage.
The slime creature is lightly wounded.
The slime creature hits you!
* * * LOW HITPOINT WARNING * * *
The slime creature completely misses you.
The slime creature hits you!!
You die...
Fedhas appreciates your contribution to the ecosystem.

#.# #.#
#.......####...... #.#
#.######.......#
######. #.#
#.....##.......# #(
#.# ########.......#
#. #.# #....####
#######. #.#
#....'..###.....>.
#.##########
########.#########
#..........#
##......######....
##############@#######
#....... #.J.......
#....... #JJ......÷
####.... #.....÷÷..
#.... #........÷ #.#.#
#.÷....... ##.#(#
####........÷ ##...)#
#.########### ##.###.#
#.##### ##### #..# #..


You could see 3 slime creatures.

Vanquished Creatures
  Prince Ribbit (D:5)
  Edmund (D:5)
  An ice beast (D:6)
  An ogre (D:3)
  4 big kobolds
  A bullfrog (D:6)
  A howler monkey (D:6)
  5 jellies (D:6)
  A bullfrog skeleton (D:5)
  5 hounds
  Crazy Yiuf (D:3)
  10 orc priests
  5 orc wizards
  A centaur skeleton (D:5)
  Ijyb (D:4)
  An iguana (D:5)
  4 worker ants
  3 river rats
  5 adders
  4 oozes (D:6)
  3 worms
  6 dart slugs
  A leopard gecko (D:4)
  28 orcs
  5 giant cockroaches
  4 goblins
  10 hobgoblins
  11 jackals
  15 kobolds
  3 quokkas
  5 ball pythons
  5 bats
  9 frilled lizards
  2 gnoll skeletons (D:6)
  A leopard gecko skeleton (D:4)
  2 quokka skeletons (D:5)
  9 rats
175 creatures vanquished.

Vanquished Creatures (collateral kills)
  An orc warrior (D:6)
  A phantom (D:6)
  2 orcs
4 creatures vanquished.

Vanquished Creatures (others)
  3 dancing weapons
  5 fungi (D:6)
  113 toadstools
121 creatures vanquished.

Grand Total: 300 creatures vanquished

Notes
Turn   | Place    | Note
-------+----------+-------------------------------------------
     0 | D:1      | Hvezdomuz the Draconian Enchanter began the quest for the Orb.
     0 | D:1      | Reached XP level 1. HP: 14/14 MP: 3/3
    71 | D:1      | Reached XP level 2. HP: 12/20 MP: 0/5
   101 | D:1      | Learned a level 2 spell: Ensorcelled Hibernation
   910 | D:1      | Reached XP level 3. HP: 25/26 MP: 6/6
   915 | D:1      | Learned a level 3 spell: Tukima's Dance
  1749 | D:2      | Found a white marble altar of Elyvilon.
  2001 | D:2      | Found a blossoming altar of Fedhas.
  2003 | D:2      | Found an ancient bone altar of Kikubaaqudgha.
  2019 | D:2      | Became a worshipper of Fedhas Madash
  2145 | D:2      | Reached XP level 4. HP: 28/34 MP: 7/7
  2401 | D:3      | Reached skill level 1 in Fighting
  2496 | D:3      | Reached * piety under Fedhas
  3035 | D:3      | Found a runed door.
  3039 | D:3      | Noticed Crazy Yiuf
  3066 | D:3      | Killed Crazy Yiuf
  3066 | D:3      | Reached XP level 5. HP: 18/41 MP: 2/8
  3074 | D:3      | Learned a level 3 spell: Dazzling Spray
  3190 | D:4      | Noticed an ogre
  3330 | D:4      | Noticed Ijyb
  3794 | D:3      | Reached XP level 6. HP: 41/49 MP: 8/10
  3935 | D:3      | Reached ** piety under Fedhas
  4027 | D:3      | HP: 2/49 [ogre/giant spiked club (19)]
  4394 | D:4      | Killed Ijyb
  4468 | D:4      | Reached skill level 1 in Ice Magic
  4804 | D:4      | Your scales start taking on a fiery red colour.
  4804 | D:4      | Reached XP level 7. HP: 39/56 MP: 4/12
  4804 | D:4      | Gained mutation: Your flesh is heat resistant. (rF+) [Red Draconian growth]
  5050 | D:5      | Entered Level 5 of the Dungeon
  5150 | D:5      | Noticed Edmund
  5192 | D:5      | Killed Edmund
  5198 | D:5      | Learned a level 1 spell: Summon Small Mammal
  5432 | D:5      | Found a burning altar of Makhleb.
  5433 | D:5      | Found a shattered altar of Ashenzari.
  5434 | D:5      | Noticed Prince Ribbit
  5732 | D:5      | Reached *** piety under Fedhas
  5750 | D:5      | Found a glowing drain.
  5760 | Sewer    | Entered a sewer
  5869 | Sewer    | Reached XP level 8. HP: 63/63 MP: 8/13
  5915 | Sewer    | Found a glowing silver altar of Zin.
  6169 | D:5      | Found a snail-covered altar of Cheibriados.
  6344 | D:5      | HP: 2/63 [Prince Ribbit (5)]
  6447 | D:5      | Killed Prince Ribbit
  6579 | D:6      | Found Qulasch's Gadget Emporium.
  6705 | D:6      | Reached skill level 5 in Hexes
  7030 | D:6      | Reached skill level 1 in Summonings
  7151 | D:6      | Reached skill level 5 in Spellcasting
  7270 | D:6      | Bought a wand of acid (8/15) for 264 gold pieces
  7378 | D:6      | Found a basalt altar of Yredelemnul.
  7659 | D:6      | Found Pyutam's Antique Weapon Shop.
  7712 | D:6      | Reached XP level 9. HP: 47/71 MP: 11/17
  7722 | D:6      | Reached skill level 1 in Invocations
  7789 | D:6      | Learned a level 3 spell: Confuse
  7800 | D:6      | Found Onuar's Gadget Boutique.
  7837 | D:6      | Found a sparkling altar of Nemelex Xobeh.
  7937 | D:6      | Found Tiamitru's Book Boutique.
  8168 | D:6      | Bought a book of Misfortune for 240 gold pieces
  8251 | D:6      | Reached skill level 5 in Dodging
  8479 | D:6      | Slain by a slime creature

Skill      XL: |  1  2  3  4  5  6  7  8  9 |
---------------+----------------------------+-----
Stealth        | 3 4 |  4.8
Dodging        | 2 3 4 5 |  5.0
Hexes          | 3 4 5 |  5.4
Fighting       | 1 2 3 4 |  4.1
Short Blades   | 2 3 4 |  4.2
Spellcasting   | 3 5 |  5.4
Ice Magic      | 1 |  1.8
Summonings     | 1 |  1.1
Invocations    | 1 |  1.0

Action                   |  1- 3 |  4- 6 |  7- 9 || total
-------------------------+-------+-------+-------++-------
Melee: Dagger            |   166 |   352 |   642 ||  1160
       Tailslap          |    13 |    31 |    75 ||   119
 Cast: Corona            |     5 |    36 |    53 ||    94
       Ensorcelled Hiber |     4 |    35 |    24 ||    63
       Tukima's Dance    |       |     8 |     2 ||    10
       Summon Small Mamm |       |       |     9 ||     9
Invok: Fungal Bloom      |     3 |    21 |    21 ||    45
       Sunlight          |       |       |     7 ||     7
 Abil: Breathe Fire      |       |       |    11 ||    11
Evoke: Wand              |       |     1 |       ||     1
  Use: Potion            |       |     4 |     4 ||     8
       Scroll            |       |     9 |     2 ||    11
 Stab: Sleeping          |     7 |    13 |    11 ||    31
       Invisible         |       |     2 |       ||     2
       Distracted        |       |       |     3 ||     3
  Eat: Fruit             |     2 |     1 |       ||     3
       Royal jelly       |     1 |     1 |       ||     2
       Chunk             |     1 |       |       ||     1
       Meat ration       |       |     2 |     1 ||     3
       Bread ration      |       |       |     3 ||     3
Armor: Skin              |    35 |    98 |    83 ||   216
Dodge: Dodged            |    86 |   238 |   469 ||   793
